 Dungeon Crawl Stone Soup version 0.30.0-29-ga12c61a403 (webtiles) character file.

Game seed: 15055634115982168741

741 LustLizard the Conjurer (level 7, -4/45 HPs)
             Began as an Octopode Conjurer on June 8, 2023.
             Was an Initiate of Ashenzari.
             Slain by Pargi (8 damage)
             ... in a sewer.
             The game lasted 00:19:10 (6017 turns).

LustLizard the Conjurer (Octopode Conjurer)         Turns: 6017, Time: 00:19:11

Health: -4/45      AC:  1    Str:  8    XL:     7   Next: 75%
Magic:  20/20      EV: 13    Int: 21    God:    Ashenzari [......]
Gold:   232        SH:  0    Dex: 10    Spells: 7/12 levels left

rFire   . .          .
                       - Unarmed
rCold   . . .        (no shield)
rNeg    . . .        (helmet restricted)
rPois   .            (no amulet)
rElec   .            j - ring of willpower
rCorr   .            u - ring of magical power
SInv    .            (no ring)
Will    +....        (no ring)
Stlth   +++          (no ring)
HPRegen 0.27/turn    (no ring)
MPRegen 0.17/turn    (no ring)
                     (no ring)

%: no passive effects
@: no status effects
A: almost no armour, amphibious, 8 rings, camouflage 1, gelatinous body 1,
(nimble swimmer 1), tentacles
a: Renounce Religion, Curse Item


You were in a sewer.
You worshipped Ashenzari.
Ashenzari was noncommittal.
You visited 1 branch of the dungeon, and saw 6 of its levels.
You also visited: Sewer.

You collected 232 gold pieces.

Inventory:

Missiles
 d - 2 poisoned darts
 s - 2 throwing nets
Armour
 c - a +0 buckler
Jewellery
 j - a ring of willpower (left tentacle)
 u - a ring of magical power (right tentacle)
Wands
 x - a wand of acid (8)
Scrolls
 e - 2 scrolls of enchant armour {unknown}
 h - a scroll of silence {unknown}
 i - 3 scrolls of teleportation {unknown}
 l - 2 scrolls of magic mapping {unknown}
 m - 2 scrolls of fog {unknown}
 n - a scroll of enchant weapon {unknown}
 r - a scroll of immolation {unknown}
 t - a scroll of noise {unknown}
 w - a scroll of fear {unknown}
Potions
 a - a potion of magic
 b - a potion of ambrosia
 f - 2 potions of might {unknown}
 g - 2 potions of lignification {unknown}
 k - 2 potions of haste
 o - a potion of resistance {unknown}
 q - 2 potions of flight {unknown}


   Skills:
 + Level 2.3 Fighting
 + Level 3.0 Dodging
 - Level 3.9 Stealth
 * Level 4.1 Unarmed Combat
 + Level 3.3 Spellcasting
 + Level 5.3 Conjurations
 - Level 3.0 Hexes


You had 7 spell levels left.
You knew the following spells:

 Your Spells              Type           Power      Damage    Failure   Level
a - Magic Dart            Conj           100%       1d8       1%          1
b - Fulminant Prism       Conj/Hex       10%        3d9       22%         4

Your spell library contained the following spells:

 Spells                   Type           Power      Damage    Failure   Level
 Searing Ray              Conj           52%        2d6       2%          2
 Dazzling Flash           Conj/Hex       42%        N/A       7%          3
 Summon Small Mammal      Summ           12%        N/A       13%         1
 Summon Guardian Golem    Hex/Summ       9%         N/A       22%         3
 Call Canine Familiar     Summ           3%         N/A       36%         3
 Volatile Blastmotes      Fire/Tloc      6%         2d10      36%         3
 Iskenderun's Mystic Bla  Conj/Tloc      14%        2d5       38%         4
 Starburst                Conj/Fire      7%         6d4       100%        6


Dungeon Overview and Level Annotations

Branches:
Dungeon (6/15)             Temple (0/1) D:5           Sewer (1/1)

Altars:
Ashenzari
Cheibriados
Dithmenos
Elyvilon
Gozag
Makhleb
Trog
Xom

Annotations:
D:3 exclusion: centaur
D:4 Sigmund
D:5 exclusion: orc priest, Eustachio, Ijyb Sewer Pargi


Innate Abilities, Weirdness & Mutations

You cannot wear most types of armour.
You are amphibious.
You can wear up to eight rings at the same time.
Your skin changes colour to match your surroundings (Stealth+).
Your rubbery body absorbs attacks. (AC +1, EV +1)
((You are camouflaged when in or above water. (Stealth+)))
You have tentacles for arms and can constrict up to eight enemies at once.


Message History

Pargi is moderately wounded.
Pargi bites you! Pargi barely misses you. Pargi claws you.
You closely miss Pargi.
Pargi is moderately wounded.
Pargi closely misses you. Pargi barely misses you. Pargi claws you.
You barely miss Pargi.
Pargi is moderately wounded.
Pargi bites you. Pargi barely misses you. Pargi claws you.
You tentacle-slap Pargi but do no damage.
You squeeze Pargi!
Pargi is heavily wounded.
Pargi barely misses you. Pargi claws you. x2
You tentacle-slap Pargi but do no damage.
Your squeeze misses Pargi.
Pargi is heavily wounded.
Pargi closely misses you. Pargi barely misses you. Pargi claws you.
You tentacle-slap Pargi but do no damage.
Your squeeze misses Pargi.
Pargi is moderately wounded.
Pargi bites you. Pargi claws you.
* * * LOW HITPOINT WARNING * * *
Pargi closely misses you.
You tentacle-slap Pargi. Your squeeze misses Pargi.
Pargi is moderately wounded.
Pargi closely misses you. Pargi claws you but does no damage. Pargi claws you.
* * * LOW HITPOINT WARNING * * *
You closely miss Pargi. You squeeze Pargi, but do no damage.
Pargi is moderately wounded.
Pargi closely misses you. Pargi claws you.
* * * LOW HITPOINT WARNING * * *
Pargi claws you.
* * * LOW HITPOINT WARNING * * *
You tentacle-slap Pargi.
Pargi is heavily wounded.
Pargi bites you but does no damage. Pargi claws you.
* * * LOW HITPOINT WARNING * * *
Pargi claws you.
* * * LOW HITPOINT WARNING * * *
Pargi attacks as you move away! Pargi bites you!
You die...

##################
#(##.##.##∩##.##.#
#)##.##.##.##.##)#
#'##'##'##.##'##'#
#######.................
~~~~~~#~~~~~~~~~.~~~~~~~
≈≈≈≈≈≈#≈≈≈≈≈≈≈≈≈∩≈≈≈≈≈≈≈
~~~~~~#~~~~~~~~~.~~~~~~~
#######@................
#T##+##+##'##'##'# #.#
#)##.##)# #.# #.##.##.#
### #########


You could see Pargi.

Vanquished Creatures
  2 water moccasins
  An ogre (D:5)
  Blork the orc (D:4)
  A hound (D:5)
  An orc priest (D:6)
  An orc wizard (D:6)
  4 iguanas
  7 adders
  3 gnolls
  2 worms
  3 dart slugs
  3 orcs
  8 endoplasms
  7 giant cockroaches
  8 goblins
  12 hobgoblins
  6 quokkas
  5 ball pythons
  8 bats
  4 frilled lizards
  9 kobolds
  5 rats
101 creatures vanquished.

Notes
Turn   | Place    | Note
-------+----------+-------------------------------------------
     0 | D:1      | LustLizard the Octopode Conjurer began the quest for the
                  | Orb.
     0 | D:1      | Reached XP level 1. HP: 11/11 MP: 3/3
   153 | D:1      | Reached XP level 2. HP: 17/17 MP: 0/5
   447 | D:1      | Reached skill level 1 in Unarmed Combat
   531 | D:1      | Reached XP level 3. HP: 22/22 MP: 1/6
  1439 | D:2      | Reached XP level 4. HP: 25/27 MP: 2/7
  1922 | D:2      | Learned a level 4 spell: Fulminant Prism
  1978 | D:3      | Noticed a centaur
  2144 | D:3      | Found a faded altar of an unknown god.
  2269 | D:3      | Reached skill level 1 in Fighting
  2540 | D:3      | Reached XP level 5. HP: 33/33 MP: 5/8
  2986 | D:4      | Found a bloodstained altar of Trog.
  2987 | D:4      | Noticed Sigmund
  3105 | D:4      | Noticed Blork the orc
  3344 | D:4      | Reached skill level 1 in Hexes
  3571 | D:4      | Noticed a water moccasin
  3587 | D:4      | Killed a water moccasin
  3588 | D:4      | Reached XP level 6. HP: 31/38 MP: 0/10
  3672 | D:4      | Found a shimmering altar of Xom.
  3767 | D:4      | Reached skill level 5 in Conjurations
  4395 | D:4      | Killed Blork the orc
  4494 | D:5      | Entered Level 5 of the Dungeon
  4652 | D:5      | Noticed Ijyb
  4689 | D:5      | Found a broken altar of Ashenzari.
  4692 | D:5      | Became a worshipper of Ashenzari the Shackled
  4762 | D:5      | Noticed Eustachio
  4792 | D:5      | Reached XP level 7. HP: 45/45 MP: 3/11
  5030 | D:5      | Found a staircase to the Ecumenical Temple.
  5066 | D:5      | Found a burning altar of Makhleb.
  5066 | D:5      | Found a white marble altar of Elyvilon.
  5072 | D:5      | Found a shadowy altar of Dithmenos.
  5075 | D:5      | Found an opulent altar of Gozag.
  5077 | D:5      | Found a snail-covered altar of Cheibriados.
  5688 | D:6      | Found a glowing drain.
  5865 | Sewer    | Entered a sewer
  6002 | Sewer    | Noticed Pargi
  6017 | Sewer    | Slain by Pargi

Illustrated notes

Levels and vault maps discovered:
D:1:      lemuel_arrival_funnel, layout_rooms
D:2:      layout_basic
D:3:      layout_basic, shapermc_ecumenical_altar_acropolis
D:4:      layout_loops_ring, mainiacjoe_overflow_catwalk_spiral, uniq_sigmund,
          uniq_blork_the_orc
D:5:      layout_cave_pools, lemuel_doored_altar,
          chequers_temple_overflow_minitemple, minmay_temple_entry_glassed_door,
          uniq_eustachio, uniq_ijyb
D:6:      layout_basic, nicolae_overflow_hidden_temple, gup_sewer_entry_pipe,
          nicolae_fountain_basement
Sewer:    kennysheep_door_sewer

Skill      XL: |  1  2  3  4  5  6  7 |
---------------+----------------------+-----
Unarmed Combat | 1 2 3 4 |  4.1
Stealth        | 3 |  3.9
Fighting       | 1 2 |  2.3
Hexes          | 1 2 3 |  3.0
Conjurations   | 5 |  5.3
Spellcasting   | 3 |  3.3
Dodging        | 3 |  3.0

Action                     |  1- 3 |  4- 6 |  7- 9 || total
---------------------------+-------+-------+-------++-------
  Melee: Unarmed           |    29 |    25 |    43 ||    97
         Tentacles         |     4 |     6 |     7 ||    17
         Constrict         |     5 |     5 |    11 ||    21
         Punch             |       |       |     2 ||     2
   Cast: Magic Dart        |    73 |   149 |    39 ||   261
    Use: Potion            |       |     6 |       ||     6
         Scroll            |       |     4 |     1 ||     5
   Stab: Sleeping          |     1 |     2 |     7 ||    10
 Armour: Skin              |     1 |     1 |     5 ||     7
  Dodge: Dodged            |    24 |    26 |    40 ||    90
